 Dungeon Crawl Stone Soup version 0.14-a0-1546-g4b4961f (webtiles) character file.

210 M4edhros the Poker (level 4, -7/31 HPs)
             Began as an Octopode Chaos Knight on Dec 18, 2013.
             Was a Plaything of Xom.
             Mangled by an iguana (8 damage)
             ... on Level 3 of the Dungeon.
             The game lasted 00:01:38 (1389 turns).

M4edhros the Poker (Octopode Chaos Knight)          Turns: 1389, Time: 00:01:39

HP  -7/31        AC  1     Str 11      XL: 4   Next: 48%
MP   4/4         EV 12     Int 15      God: Xom
Gold 125         SH  0     Dex 11      Spells:  0 memorised,  3 levels left

rFire  . . .     SeeInvis .     e - +1,+4 spear
rCold  . . .     Clarity  .     (no shield)
rNeg   . . .     Conserve .     (helmet restricted)
rPois  .         rCorr    .     (no amulet)
rElec  .         rRot     .     (no ring)
SustAb . .       Spirit   .     (no ring)
rMut   .         Warding  .     (no ring)
Saprov . . .     Stasis   .     (no ring)
                                (no ring)
                                (no ring)
                                (no ring)
                                (no ring)

@: mildly poisoned, slightly resistant to hostile enchantments, fairly stealthy
A: almost no armour, amphibious, 8 rings, constrict 8, camouflage 1, gelatinous
body 1
a: Renounce Religion


You were on level 3 of the Dungeon.
You worshipped Xom.
You were a toy of Xom.
You were very hungry.

You visited 1 branch of the dungeon, and saw 3 of its levels.

You collected 125 gold pieces.

Inventory:

Hand weapons
 a - a +0,+0 spear of chaos
 e - a +1,+4 spear (weapon)
Magical devices
 p - a wand of hasting (0)
Comestibles
 c - 4 bread rations
 j - a meat ration
Scrolls
 f - a scroll of immolation {unknown}
 g - a scroll of curse jewellery {unknown}
 h - a scroll of remove curse {unknown}
 i - 2 scrolls of recharging {unknown}
 k - a scroll of enchant weapon II {unknown}
 l - 2 scrolls of identify {unknown}
 m - a scroll of blinking {unknown}
 n - a scroll of noise {unknown}
Jewellery
 d - an uncursed amulet of faith {unknown}
 o - an uncursed ring of wizardry {unknown}


   Skills:
 - Level 3.0 Fighting
 + Level 5.1 Polearms
 - Level 2.3 Dodging


You had 3 spell levels left.
You didn't know any spells.

Dungeon Overview and Level Annotations

Branches:
Dungeon (3/16)

Altars:


Innate Abilities, Weirdness & Mutations

You cannot wear most types of armour.
You are amphibious.
You can wear up to eight rings at the same time.
You can use your tentacles to constrict many enemies at once.
Your skin changes colour to match your surroundings (Stlth).
Your rubbery body absorbs attacks (AC +1).


Message History

The iguana bites you!
You hit the iguana but do no damage. Your grab misses the iguana.
You hit the iguana. You grab the iguana.
The iguana is moderately wounded.
You constrict the iguana. The iguana bites you.
You hit the iguana.
The iguana is moderately wounded.
You constrict the iguana, but do no damage.
The iguana bites you!
* * * LOW HITPOINT WARNING * * *
You hit the iguana but do no damage.
The iguana is moderately wounded.
You constrict the iguana. The iguana bites you.
* * * LOW HITPOINT WARNING * * *
Drink which item? (? for menu, Esc to quit)
That liquid tasted very nasty...
You are poisoned.
It was a potion of poison.
* * * LOW HITPOINT WARNING * * *
You feel sick.
You constrict the iguana. The iguana bites you!
You die...

+.......
#.......#
#.......+
#.....$.#
.......#
.....
#.<#
###l####
#...@..#
+......#
#......#
#......#
#.[
#......#
#.#
#.)....#
#.#
#......+
#.#
#......#
#.#
#......#


You could see an iguana.

Vanquished Creatures
  3 adders (D:2)
  A worm (D:2)
  An orc (D:3)
  7 bats
  A giant cockroach (D:1)
  2 goblins (D:1)
  5 hobgoblins
  A ball python (D:2)
  5 giant geckos
  4 giant newts (D:1)
  10 kobolds
  9 rats
49 creatures vanquished.

Notes
Turn   | Place    | Note
--------------------------------------------------------------
     0 | D:1      | M4edhros, the Octopode Chaos Knight, began the quest for the Orb.
     0 | D:1      | Reached XP level 1. HP: 16/16 MP: 1/1
     0 | D:1      | XOM: harmless Pois miscast
    48 | D:1      | XOM: divination: detect creatures
   156 | D:1      | Reached XP level 2. HP: 19/21 MP: 2/2
   231 | D:1      | XOM: divination: detect items
   401 | D:1      | XOM: cast spell 'Dispersal'
   448 | D:1      | Reached skill level 4 in Polearms
   499 | D:1      | Reached XP level 3. HP: 26/26 MP: 3/3
   720 | D:2      | XOM: divination: detect items
   790 | D:2      | XOM: silly message
  1027 | D:2      | Reached XP level 4. HP: 22/31 MP: 4/4
  1079 | D:2      | Reached skill level 5 in Polearms
  1366 | D:3      | XOM: colour smoke trail
  1381 | D:3      | XOM: confusion
  1389 | D:3      | HP: 1/31 [poison (a potion of poison)]
  1389 | D:3      | Mangled by an iguana

Action                   |  1- 3 |  4- 6 || total
-------------------------+-------+-------++-------
Melee: Spear             |    92 |    28 ||   120
Evoke: Wand              |       |     1 ||     1
  Use: Potion            |       |     2 ||     2
 Stab: Sleeping          |     4 |     1 ||     5
